 Dungeon Crawl Stone Soup version 0.16-a0-2388-g8c53b03 (webtiles) character file.

29162 Crauler the Cleaver (level 13, -2/124 HPs)
             Began as a Deep Dwarf Fighter on Nov 19, 2014.
             Was a High Priest of Makhleb.
             Killed by divine providence
             ... invoked by a smoke demon
             ... summoned by the player character
              (12 damage)
             ... on level 5 of the Lair of Beasts.
             The game lasted 01:47:22 (14896 turns).

Crauler the Cleaver (Deep Dwarf Fighter)           Turns: 14896, Time: 01:47:22

Health: -2/124     AC: 16    Str: 21    XL:     13   Next: 13%
Magic:  22/22      EV: 14    Int:  9    God:    Makhleb [*****.]
Gold:   954        SH:  0    Dex: 16    Spells: 0 memorised, 12 levels left

rFire  . . .     SeeInvis +     R - +1 battleaxe
rCold  . . .     Clarity  .     V - +1 scale mail {rN+}
rNeg   + . .     SustAb   .     (no shield)
rPois  +         Gourm    .     L - +0 hat {MR+}
rElec  .         Spirit   .     E - +0 cloak
rCorr  .         Warding  .     N - +0 pair of gloves
rMut   +         Stasis   .     Y - +1 pair of boots
MR     ++...                    s - amulet of resist mutation
Stlth  ..........               C - ring of see invisible
                                J - ring of poison resistance

@: non-regenerating, very resistant to hostile enchantments, extremely
unstealthy
A: damage resistance, recharge devices, rugged brown scales 1, sense
surroundings 2, slow healing 3
a: Device Recharging, Minor Destruction, Lesser Servant of Makhleb, Major
Destruction, Greater Servant of Makhleb, Renounce Religion


You were on level 5 of the Lair of Beasts.
You worshipped Makhleb.
Makhleb was extremely pleased with you.
You were hungry.

You visited 3 branches of the dungeon, and saw 16 of its levels.

You collected 1004 gold pieces.
You spent 50 gold pieces at shops.

Inventory:

Hand weapons
 a - a +1 war axe
 B - a +0 blowgun
 G - a +0 dagger of venom
 R - a +1 battleaxe (weapon)
Missiles
 A - 90 poisoned needles
Armour
 E - a +0 cloak (worn)
 L - a +0 hat of magic resistance (worn)
 N - a +0 pair of gloves (worn)
 Q - a +2 leather armour of cold resistance
 V - a +1 scale mail of positive energy (worn)
 Y - a +1 pair of boots (worn)
Jewellery
 h - an uncursed amulet of warding
 s - an amulet of resist mutation (around neck)
 C - a ring of see invisible (right hand)
 J - a ring of poison resistance (left hand)
Magical devices
 b - a wand of enslavement (14)
 c - a wand of teleportation (4)
 d - a wand of heal wounds (5)
 l - a wand of magic darts (18)
 x - a wand of disintegration (15)
Scrolls
 j - 6 scrolls of identify
 o - 2 scrolls of remove curse
 r - 6 scrolls of teleportation
 t - 2 scrolls of enchant armour
 I - 3 scrolls of magic mapping
 K - a scroll of silence
 S - a scroll of fog
 X - a scroll of recharging
Potions
 e - 2 potions of might
 i - 2 potions of haste
 n - 6 potions of brilliance
 v - 9 potions of curing
 F - a potion of cure mutation
 O - a potion of heal wounds
Comestibles
 f - 12 bread rations
 m - 2 chunks of flesh
 u - 7 meat rations
 w - a slice of pizza
 z - 3 fruits
 T - 3 beef jerkies


   Skills:
 + Level 9.1 Fighting
 * Level 13.2 Axes
 + Level 10.2 Armour
 + Level 9.7 Dodging
   Level 3.2 Shields
 + Level 10.7 Invocations
 + Level 10.0 Evocations


You had 12 spell levels left.
You didn't know any spells.

Dungeon Overview and Level Annotations

Branches:
Dungeon (10/15)            Temple (1/1) D:5            Lair (5/8) D:10
  Swamp (0/5) Lair:4          Orc (0/4) D:10
  Snake: Lair:3-6    Spider: Lair:3-6

Altars:
Ashenzari
Cheibriados
Dithmenos
Elyvilon
Fedhas
Gozag
Kikubaaqudgha
Makhleb
Nemelex Xobeh
Okawaru
Qazlal
Ru
Sif Muna
Trog
Vehumet
Xom
Yredelemnul
Zin
The Shining One

Shops:
D:8 %

Annotations:
Lair:3 runed door


Innate Abilities, Weirdness & Mutations

You are resistant to damage.
You can recharge devices by infusing magical energy.
You passively map the area around you.
You do not heal naturally.
You are partially covered in rugged brown scales (AC +1, +3% HP).


Message History

The orb of electricity engulfs the five-headed hydra.
The five-headed hydra is heavily wounded.
The orb of electricity engulfs your smoke demon.
Your smoke demon is heavily wounded.
The orb of electricity engulfs you!
* * * LOW HITPOINT WARNING * * *
You feel somewhat more hungry.
Use which ability? (? or * to list)
Press: ? - help, Shift-Dir - straight line, f/p - five-headed hydra
Aim: a five-headed hydra (heavily wounded)
The sticky flame hits the five-headed hydra.
The five-headed hydra is heavily wounded.
The five-headed hydra is covered in liquid flames!
You feel somewhat more hungry.
The five-headed hydra burns!
The five-headed hydra bites you!
* * * LOW HITPOINT WARNING * * *
The five-headed hydra bites you but does no damage. x4
The smoke demon gestures at you. Something smites you!
You die...

..........#####...##
##.........# #.(.#
##...P.....# ##..###
####......####.....## ##
######....###.......##.# ###
..# .. *#.......#...#...##
..... .##................#
.....,,,....................#
.... ,, ........@.)........P#
... *#..#....D3..........# ##
** * * #P......#....#..# # *
*##.....###P..#...
###...PP####... #).....#**
#.. #........,,,. #.#....##..
, ###..t.. #..,


You could see a five-headed hydra (burning), a smoke demon and a crocodile.

Vanquished Creatures
  Gastronok (D:8)
  A hydra (Lair:1)
  7 death yaks
  A black mamba (Lair:2)
  Maurice (D:8)
  Joseph (Lair:1)
  A komodo dragon (Lair:2)
  4 spiny frogs
  2 two-headed ogres
  A troll (D:10)
  13 blink frogs (Lair:5)
  A spriggan (D:7)
  A basilisk (Lair:3)
  14 yaks
  A neqoxec (Lair:5)
  2 hippogriffs
  A vampire mosquito (Lair:4)
  Edmund (D:4)
  A soldier ant (D:8)
  14 wolves
  4 orc warriors
  11 porcupines
  6 water moccasins
  3 ogres
  2 ice beasts
  A centaur (D:8)
  6 crocodiles
  Duvessa (D:8)
  12 giant frogs
  A big kobold (D:9)
  Blork the orc (D:8)
  2 gnoll sergeants
  10 killer bees
  A scorpion (D:5)
  3 wights (D:9)
  An electric eel (Lair:1)
  3 goliath beetles
  Dowan (D:8)
  5 iguanas
  2 jellies
  4 crimson imps
  12 orc wizards
  5 orc priests
  2 giant frog skeletons
  15 hounds
  An orange rat (Lair:1)
  6 worker ants
  11 sheep
  A hound skeleton (D:4)
  A worker ant zombie (D:6)
  9 gnolls
  15 adders
  A shadow imp (D:6)
  21 river rats
  A giant mite (D:2)
  A white imp (D:8)
  4 worms
  An adder zombie (D:9)
  An adder skeleton (D:4)
  7 giant geckos
  An ooze (D:3)
  37 orcs
  19 bats
  A bat skeleton (D:7)
  2 giant cockroaches
  10 goblins
  12 hobgoblins
  3 jackals (D:5)
  17 kobolds
  11 quokkas
  A ball python skeleton (D:4)
  A giant newt (D:1)
  2 giant spores (D:8)
  A quokka zombie (D:6)
  22 rats
  6 ballistomycetes
  3 fungi
  2 plants (Lair:5)
415 creatures vanquished.

Vanquished Creatures (collateral kills)
  A hydra (Lair:2)
  7 death yaks
  A manticore (D:9)
  2 elephants
  2 black mambas
  2 spiny frogs
  2 komodo dragons
  4 yaks
  5 vampire mosquitoes (Lair:4)
  3 water moccasins
  3 orc warriors (D:10)
  A porcupine (Lair:4)
  2 crocodiles (D:10)
  2 giant frogs
  3 killer bees (D:9)
  2 wights (D:9)
  A goliath beetle (D:10)
  2 iguanas (Lair:2)
  2 sheep
  A hound zombie (D:9)
  2 adders
  3 river rats (Lair:5)
  2 orcs (D:10)
55 creatures vanquished.

Vanquished Creatures (others)
  A hill giant (Lair:1)
  An orange demon (Lair:3)
  2 smoke demons
  2 hellwings
  2 neqoxecs
  5 sheep (D:9)
  7 ufetubi (D:10)
  A hobgoblin (Lair:1)
  A giant spore (D:10)
  A rat (Lair:1)
  A fungus (Lair:3)
24 creatures vanquished.

Grand Total: 494 creatures vanquished

Notes
Turn   | Place    | Note
--------------------------------------------------------------
     0 | D:1      | Crauler, the Deep Dwarf Fighter, began the quest for the Orb.
     0 | D:1      | Reached XP level 1. HP: 20/20 MP: 1/1
   468 | D:1      | Reached XP level 2. HP: 14/27 MP: 2/2
  1009 | D:2      | Reached XP level 3. HP: 14/33 MP: 3/3
  1192 | D:2      | Reached skill level 1 in Dodging
  1347 | D:3      | Reached XP level 4. HP: 32/42 MP: 4/4
  1416 | D:3      | Found an iron altar of Okawaru.
  2192 | D:4      | Reached skill level 4 in Axes
  2192 | D:4      | Reached XP level 5. HP: 30/49 MP: 5/5
  2404 | D:4      | Noticed Edmund
  3039 | D:5      | Entered Level 5 of the Dungeon
  3047 | D:5      | Found a staircase to the Ecumenical Temple.
  3055 | Temple   | Entered the Ecumenical Temple
  3069 | Temple   | Became a worshipper of Makhleb the Destroyer
  3153 | D:5      | Found an opulent altar of Gozag.
  3179 | D:5      | Found a white marble altar of Elyvilon.
  3439 | D:5      | Reached XP level 6. HP: 41/57 MP: 6/6
  3834 | D:5      | Found a glowing silver altar of Zin.
  3995 | D:5      | Reached skill level 1 in Invocations
  4124 | D:5      | Reached skill level 5 in Axes
  4422 | D:6      | Reached XP level 7. HP: 24/64 MP: 9/9
  4461 | D:6      | Reached skill level 5 in Armour
  4649 | D:6      | Acquired Makhleb's first power
  4663 | D:6      | Reached skill level 6 in Axes
  4833 | D:7      | Reached XP level 8. HP: 7/73 MP: 13/13
  4866 | D:7      | Found a blossoming altar of Fedhas.
  5134 | D:7      | Noticed a spriggan baker
  5168 | D:7      | Killed a spriggan baker
  5168 | D:7      | Reached skill level 7 in Axes
  5302 | D:7      | Acquired Makhleb's second power
  5389 | D:7      | Reached skill level 5 in Fighting
  5887 | D:8      | Noticed Blork the orc
  6027 | D:8      | Reached skill level 8 in Axes
  6027 | D:8      | Reached skill level 5 in Invocations
  6027 | D:8      | Gained mutation: You passively map the area around you. [level up]
  6027 | D:8      | Reached XP level 9. HP: 20/81 MP: 16/16
  6129 | D:8      | Noticed a two-headed ogre
  6154 | D:8      | Killed a two-headed ogre
  6154 | D:8      | Reached skill level 5 in Dodging
  6154 | D:8      | Reached skill level 1 in Evocations
  6242 | D:8      | Noticed Duvessa
  6248 | D:8      | Noticed Dowan
  6256 | D:8      | Killed Dowan
  6260 | D:8      | Killed Duvessa
  6353 | D:8      | Acquired Makhleb's third power
  6429 | D:8      | Found Faezah's Food Shoppe.
  6429 | D:8      | Noticed Gastronok
  6469 | D:8      | Killed Blork the orc
  6698 | D:8      | Killed Gastronok
  6698 | D:8      | Reached skill level 9 in Axes
  6801 | D:8      | Bought a bread ration for 50 gold pieces
  7041 | D:8      | Reached XP level 10. HP: 52/91 MP: 19/19
  7065 | D:8      | Noticed Maurice
  7078 | D:8      | Killed Maurice
  7104 | D:8      | Found a radiant altar of Vehumet.
  7516 | D:9      | Found a shimmering altar of Xom.
  7831 | D:4      | Noticed an ogre
  7842 | D:4      | Killed an ogre
  7877 | D:4      | Acquired Makhleb's fourth power
  7907 | D:4      | Killed Edmund
  8088 | D:6      | Found a deep blue altar of Sif Muna.
  8205 | D:6      | Noticed a water moccasin
  8223 | D:6      | Killed a water moccasin
  8237 | D:6      | Reached skill level 5 in Evocations
  8669 | D:9      | Noticed a manticore
  8683 | D:9      | Killed a manticore
  8683 | D:9      | Reached skill level 10 in Axes
  9194 | D:10     | Entered Level 10 of the Dungeon
  9338 | D:10     | Acquired Makhleb's fifth power
  9568 | D:10     | Noticed an elephant
  9587 | D:10     | Killed an elephant
  9618 | D:10     | Found a staircase to the Lair.
  9625 | D:10     | Reached XP level 11. HP: 58/99 MP: 21/21
  9662 | D:10     | Found a staircase to the Orcish Mines.
  9765 | D:10     | Gained mutation: You are partially covered in rugged brown scales (AC +1, +3% HP). [potion of mutation]
  9896 | Lair:1   | Entered Level 1 of the Lair of Beasts
  9925 | Lair:1   | Reached skill level 11 in Axes
 10218 | Lair:1   | Noticed a seven-headed hydra
 10238 | Lair:1   | Killed an eight-headed hydra
 10937 | Lair:1   | Noticed Joseph
 10952 | Lair:1   | Killed Joseph
 11525 | Lair:2   | Noticed a five-headed hydra
 11545 | Lair:2   | Killed a five-headed hydra
 12145 | Lair:3   | Found a runed door.
 12259 | Lair:3   | Noticed a death yak
 12260 | Lair:3   | Noticed a death yak
 12330 | Lair:3   | Killed a death yak
 12330 | Lair:3   | Reached skill level 12 in Axes
 12330 | Lair:3   | Reached XP level 12. HP: 44/113 MP: 23/23
 12389 | Lair:3   | Noticed a death yak
 12440 | Lair:3   | Noticed a death yak
 12440 | Lair:3   | Noticed a death yak
 12464 | Lair:3   | Killed a death yak
 12535 | Lair:3   | Killed a death yak
 12538 | Lair:3   | Killed a death yak
 12540 | Lair:3   | Killed a death yak
 13570 | Lair:4   | Reached skill level 10 in Invocations
 13771 | Lair:4   | Found a staircase to the Swamp.
 14419 | Lair:5   | Reached skill level 10 in Armour
 14565 | Lair:5   | Reached skill level 13 in Axes
 14573 | Lair:5   | Reached XP level 13. HP: 34/124 MP: 23/23
 14747 | Lair:5   | Reached skill level 10 in Evocations
 14888 | Lair:5   | Noticed a five-headed hydra
 14896 | Lair:5   | Killed from afar by a smoke demon

Action                   |  1- 3 |  4- 6 |  7- 9 | 10-12 | 13-15 || total
-------------------------+-------+-------+-------+-------+-------++-------
Melee: War axe           |    89 |   143 |   299 |   773 |     7 ||  1311
       Hand axe          |    35 |   178 |    43 |    22 |       ||   278
       Dagger            |       |       |       |    14 |       ||    14
       Battleaxe         |       |       |       |   226 |    91 ||   317
 Fire: Blowgun           |       |     4 |    37 |    26 |       ||    67
Invok: Lesser Servant of |       |       |       |    14 |     2 ||    16
       Major Destruction |       |       |       |     6 |     2 ||     8
       Greater Servant o |       |       |       |     3 |       ||     3
 Abil: Device Recharging |       |       |     1 |     3 |     1 ||     5
Evoke: Wand              |       |     3 |    18 |    28 |     6 ||    55
  Use: Potion            |     2 |     3 |     8 |     8 |     1 ||    22
       Scroll            |       |     9 |     7 |    17 |     1 ||    34
 Stab: Distracted        |       |       |       |     8 |       ||     8
  Eat: Chunk             |     2 |     5 |     3 |    18 |     1 ||    29
       Pizza             |       |     1 |       |     1 |       ||     2
       Beef jerky        |       |     1 |       |     1 |       ||     2
       Meat ration       |       |     1 |       |       |       ||     1
       Bread ration      |       |       |     2 |     1 |       ||     3
